 Dungeon Crawl Stone Soup version 0.19.1-1-g22dce08 (webtiles) character file.

173 empire the Magician (level 5, -3/44 HPs)
             Began as a Draconian Skald on Jan 20, 2017.
             Slain by a bullfrog skeleton (6 damage)
             ... on level 4 of the Dungeon.
             The game lasted 00:04:36 (2290 turns).

empire the Magician (Draconian Skald)               Turns: 2290, Time: 00:04:37

Health: -3/44      AC:  5    Str: 13 (14) XL:     5   Next: 28%
Magic:  9/9        EV: 12    Int: 10 (12) God:
Gold:   80         SH:  0    Dex: 10 (12) Spells: 1 memorised, 9 levels left

rFire  . . .     SeeInvis .     a - +0 falchion
rCold  . . .     Gourm    .     (armour unavailable)
rNeg   . . .     Faith    .     (no shield)
rPois  .         Spirit   .     (helmet restricted)
rElec  .         Reflect  .     (no cloak)
rCorr  .         Harm     .     (no gloves)
MR     .....                    (no boots)
Stlth  +.........               (no amulet)
                                (no ring)
                                (no ring)

@: no status effects
A: unfitting armour, stinger 1, cold-blooded, AC +5
a: no special abilities


You were on level 4 of the Dungeon.
You were hungry.

You visited 1 branch of the dungeon, and saw 4 of its levels.

You collected 80 gold pieces.

Inventory:

Hand Weapons
 a - a +0 falchion (weapon)
Scrolls
 e - 4 scrolls of identify {unknown}
 h - 2 scrolls of fog {unknown}
 l - 2 scrolls of remove curse {unknown}
 m - a scroll of enchant weapon {unknown}
Books
 b - a book of Battle

   Spells                             Type                      Level
   a - Infusion                       Charms                       1
   b - Shroud of Golubria             Charms/Translocation         2
   c - Song of Slaying                Charms                       2
   d - Spectral Weapon                Hexes/Charms                 3
   e - Regeneration                   Charms/Necromancy            3
Comestibles
 c - 3 bread rations
 f - 2 chunks of flesh
 j - a beef jerky
 k - 2 fruits


   Skills:
 + Level 2.8 Fighting
 - Level 3.0 Long Blades
 - Level 3.0 Dodging
 - Level 3.2 Spellcasting
 - Level 3.0 Charms


You had 9 spell levels left.
You knew the following spells:

 Your Spells              Type           Power        Failure   Level  Hunger
a - Infusion              Chrm           #...         10%         1    #......


Dungeon Overview and Level Annotations

Branches:
Dungeon (4/15)
 Temple: D:4-7

Altars:


Innate Abilities, Weirdness & Mutations

Your plain brown scales are hard. (AC +5)
You cannot fit into any form of body armour.
You are cold-blooded and may be slowed by cold attacks.
Your tail ends in a poisonous barb.


Message History

The bullfrog skeleton closely misses you.
You riposte.
You hit the bullfrog skeleton but do no damage.
You tail-slap the bullfrog skeleton.
The bullfrog skeleton is moderately damaged.
The bullfrog skeleton hits you.
* * * LOW HITPOINT WARNING * * *
Found a green potion.
As you read the scroll labeled BACAJI ZUXTAUGG, it crumbles to dust.
Your +0 falchion glows shimmering red for a moment.
It was a scroll of random uselessness.
The bullfrog skeleton closely misses you.
The bullfrog skeleton hits you but does no damage.
As you read the scroll labeled OLICLERUWU, it crumbles to dust.
It is a scroll of amnesia.
Forget which spell ([?*] list [ESC] exit)?
Forget which spell ([?*] list [ESC] exit)?
Okay, then.
The bullfrog skeleton hits you.
You die...

##...$.## ##.......##
#.........#
####.........#
.............#
#.........# ..#
#...<.....#
.....#####.........#
#....@Z..........#
........#..........#
........#..........#
........##...........
........!............
.........###......$..
....$.... .##......
.......... .#..#


You could see a bullfrog skeleton.

Vanquished Creatures
  Natasha (thrice) (D:2)
  A worker ant (D:3)
  2 adders
  An ooze (D:2)
  3 dart slugs
  2 leopard geckos
  An orc (D:3)
  A ball python (D:1)
  2 giant cockroaches
  4 goblins
  3 hobgoblins (D:1)
  5 jackals
  7 kobolds
  5 bats
  A frilled lizard (D:2)
  6 rats
47 creatures vanquished.

Notes
Turn   | Place    | Note
-------+----------+-------------------------------------------
     0 | D:1      | empire the Draconian Skald began the quest for the Orb.
     0 | D:1      | Reached XP level 1. HP: 17/17 MP: 3/3
   278 | D:1      | Reached XP level 2. HP: 15/24 MP: 0/5
   948 | D:1      | Reached XP level 3. HP: 28/29 MP: 6/6
  1455 | D:2      | Noticed Natasha
  1472 | D:2      | Killed Natasha
  1472 | D:2      | Reached XP level 4. HP: 14/36 MP: 6/8
  1793 | D:2      | Noticed Natasha
  1797 | D:2      | Killed Natasha
  1847 | D:2      | Noticed Natasha
  1858 | D:2      | Gained mutation: Your tail ends in a poisonous barb. [potion of beneficial mutation]
  1865 | D:2      | Killed Natasha
  2140 | D:3      | Reached XP level 5. HP: 36/41 MP: 9/9
  2287 | D:4      | HP: 2/44 [bullfrog skeleton (3)]
  2290 | D:4      | Slain by a bullfrog skeleton

Skill      XL: |  1  2  3  4 |
---------------+-------------+-----
Long Blades    | 3 |  3.0
Charms         | 3 |  3.0
Spellcasting   | 3 |  3.2
Dodging        | 3 |  3.0
Fighting       | |  2.8

Action                   |  1- 3 |  4- 6 || total
-------------------------+-------+-------++-------
Melee: Falchion          |    88 |    51 ||   139
       Tailslap          |     9 |     7 ||    16
 Cast: Infusion          |     2 |       ||     2
  Use: Potion            |     1 |     4 ||     5
       Scroll            |       |     2 ||     2
 Stab: Sleeping          |     1 |     1 ||     2
  Eat: Chunk             |     2 |     2 ||     4
Armor: Skin              |    42 |    16 ||    58
Dodge: Dodged            |    68 |    40 ||   108
       Rpst.: Falchion   |    15 |    16 ||    31
